 Dungeon Crawl Stone Soup version 0.18-a0-1229-ge9a1a01 (webtiles) character file.

1031 Psiweapon the Cudgeler (level 8, -3/75 HPs)
             Began as an Ogre Hunter on Feb 4, 2016.
             Was a Follower of Makhleb.
             Slain by a wight
             ... wielding a cursed +1 long sword
              (15 damage)
             ... on level 6 of the Dungeon.
             The game lasted 00:32:00 (8373 turns).

Psiweapon the Cudgeler (Ogre Hunter)                Turns: 8373, Time: 00:32:01

Health: -3/75      AC: 10    Str: 18    XL:     8   Next: 23%
Magic:  10/10      EV: 11    Int: 11    God:    Makhleb [*.....]
Gold:   262        SH:  0    Dex: 11    Spells: 0 memorised, 7 levels left

rFire  . . .     SeeInvis .     G - +0 flail (protect)
rCold  . . .     Gourm    .     I - +2 robe {MR+}
rNeg   . . .     Faith    .     (no shield)
rPois  .         Spirit   .     (helmet restricted)
rElec  .         Dismiss  .     (no cloak)
rCorr  .         Reflect  .     (gloves unavailable)
SustAt .         Harm     .     (boots unavailable)
MR     +....                    (no amulet)
Stlth  +.........               (no ring)
                                A - ring of flight

@: lethally poisoned (-3 -> -39), drained, somewhat resistant to hostile
enchantments, very unstealthy
A: unfitting armour, tough skin 1
a: Renounce Religion, Evoke Flight


You were on level 6 of the Dungeon.
You worshipped Makhleb.
Makhleb was aware of your devotion.
You were not hungry.

You visited 1 branch of the dungeon, and saw 6 of its levels.

You collected 262 gold pieces.

Inventory:

Hand Weapons
 a - a +0 flail
 b - a +0 hunting sling
 w - a +0 giant club
 G - a +0 flail of protection (weapon)
Missiles
 d - a throwing net
 e - 127 stones (quivered)
 h - 16 silver bolts
 j - 6 needles of paralysis
 C - 43 sling bullets
Armour
 y - a +0 robe
 H - a +0 robe
 I - a +2 robe of magic resistance (worn)
Jewellery
 A - a ring of flight (left hand)
Wands
 c - a wand of random effects (48/48)
Scrolls
 n - a scroll of random uselessness
 o - a scroll of remove curse {unknown}
 q - a scroll of blinking {unknown}
 r - 4 scrolls of identify
 s - 3 scrolls of recharging
 t - a scroll of teleportation {unknown}
 v - a scroll of fear {unknown}
 x - a scroll of noise {unknown}
 D - a scroll of enchant armour
 E - a scroll of immolation
Potions
 k - a potion of magic {unknown}
 l - a potion of beneficial mutation {unknown}
 m - a potion of haste
 u - a potion of poison
 z - a potion of lignification
 B - 2 potions of curing
Comestibles
 f - 3 bread rations
 g - 7 fruits
 p - 3 meat rations


   Skills:
 - Level 3.1(2.3) Fighting
   Level 1.8(1.1) Short Blades
 + Level 7.3(6.5) Maces & Flails
 - Level 4.0(3.2) Throwing
 - Level 5.2(4.4) Dodging
 - Level 1.2(0.5) Stealth
 + Level 3.4(2.6) Invocations


You had 7 spell levels left.
You didn't know any spells.

Dungeon Overview and Level Annotations

Branches:
Dungeon (6/15)
 Temple: D:4-7

Altars:
Kikubaaqudgha
Makhleb
Yredelemnul

Annotations:
D:5 Sigmund


Innate Abilities, Weirdness & Mutations

You are too large for most types of armour.
You have tough skin (AC +1).


Message History

The giant frog hits you but does no damage.
The wight closely misses you.
You closely miss the wight.
The wight is almost destroyed.
You feel very sick.
The giant frog hits you but does no damage.
The wight barely misses you. The giant frog hits you.
The wight hits you from afar with a trident of venom.
* * * LOW HITPOINT WARNING * * *
You feel drained.
* * * LOW HITPOINT WARNING * * *
You are more poisoned.
You closely miss the wight.
The wight is almost destroyed.
* * * LOW HITPOINT WARNING * * *
You feel very sick. The giant frog hits you.
* * * LOW HITPOINT WARNING * * *
The wight hits you with an enchanted long sword!
You die...

.................................
..#..#.###...........##..#.......
.......# #.#.#...#.####..#.......
.....#.# #.........####..........
#.#..#.# #####................#..
.......# #...........#...##..
######## ##.#..##.#..#...##..
#.#F.##.#..#...##..
##.@............###. #####
#..z................
#...###########.#.z..............
.................................
#...###.##..###.##..#.#..#.......
#...# #.#.....#.#................
#...# #.#.....#.#...#.#..........
#...###.#.....#.#...#.##.#..###..
....+............................


You could see a giant frog and 2 wights.

Vanquished Creatures
  An ice beast (D:6)
  2 ogres (D:4)
  A centaur (D:6)
  A scorpion (D:6)
  2 hounds
  2 orc priests
  8 orc wizards
  2 worker ants (D:4)
  7 adders
  3 gnolls (D:4)
  4 oozes
  An adder skeleton (D:6)
  6 worms
  A giant gecko (D:2)
  14 orcs
  6 bats
  8 giant cockroaches
  9 goblins
  12 hobgoblins
  15 jackals
  5 kobolds
  4 quokkas
  A ball python (D:2)
  A ball python skeleton (D:4)
  2 giant newts
  A jackal zombie (D:6)
  A quokka skeleton (D:4)
  6 rats
  A rat zombie (D:6)
127 creatures vanquished.

Notes
Turn   | Place    | Note
--------------------------------------------------------------
     0 | D:1      | Psiweapon the Ogre Hunter began the quest for the Orb.
     0 | D:1      | Reached XP level 1. HP: 22/22 MP: 1/1
   181 | D:1      | Reached skill level 1 in Stealth
   256 | D:1      | Reached XP level 2. HP: 25/31 MP: 2/2
   790 | D:2      | Found a faded altar to an unknown god.
   807 | D:2      | Reached XP level 3. HP: 31/37 MP: 3/3
  1554 | D:2      | Reached skill level 1 in Short Blades
  1921 | D:2      | Reached XP level 4. HP: 45/45 MP: 4/4
  3279 | D:3      | Reached XP level 5. HP: 36/53 MP: 5/5
  3382 | D:3      | Reached skill level 1 in Maces & Flails
  4427 | D:4      | Noticed an ogre
  4434 | D:4      | Killed an ogre
  4434 | D:4      | Reached XP level 6. HP: 27/61 MP: 6/6
  5061 | D:5      | Entered Level 5 of the Dungeon
  5506 | D:5      | Noticed an ice beast
  5594 | D:4      | Reached skill level 5 in Maces & Flails
  5594 | D:4      | Reached XP level 7. HP: 30/67 MP: 7/7
  5872 | D:4      | Found a basalt altar of Yredelemnul.
  5872 | D:4      | Found a burning altar of Makhleb.
  5876 | D:4      | Became a worshipper of Makhleb the Destroyer
  6113 | D:4      | Reached skill level 5 in Dodging
  6438 | D:5      | Noticed Sigmund
  6731 | D:6      | Reached * piety under Makhleb
  6731 | D:6      | Reached skill level 6 in Maces & Flails
  6731 | D:6      | Reached skill level 1 in Invocations
  7128 | D:6      | Reached XP level 8. HP: 42/75 MP: 9/9
  7389 | D:6      | Found an ancient bone altar of Kikubaaqudgha.
  7429 | D:6      | Reached skill level 7 in Maces & Flails
  7670 | D:6      | HP: 3/75 [orc wizard/puff of flame (13)]
  8373 | D:6      | Slain by a wight

Vault maps used:
D:1:      dpeg_arrival_orchard, minmay_misc_feat_diagonals
D:2:      first_bread, ecumenical_altar_2
D:4:      gammafunk_temple_overflow_elements, grunt_ministairs_6
D:5:      kennysheep_big_flooded_room, grunt_temple_overflow_opulence,
          portal_sewer_entry_d, uniq_sigmund
D:6:      lemuel_upstairs_altar, lemuel_zombie_altar_kikubaaqudgha, fountainhead

Action                   |  1- 3 |  4- 6 |  7- 9 || total
-------------------------+-------+-------+-------++-------
Melee: Short sword       |    25 |     1 |       ||    26
       Club              |   128 |   120 |       ||   248
       Flail             |       |    27 |    28 ||    55
       Giant club        |       |    53 |   129 ||   182
 Fire: Hunting sling     |       |    60 |    36 ||    96
Throw: Stone             |    12 |    24 |       ||    36
       Large rock        |     6 |    24 |     3 ||    33
       Throwing net      |       |     1 |       ||     1
  Use: Potion            |       |     3 |     4 ||     7
       Scroll            |       |       |     6 ||     6
 Stab: Distracted        |       |     1 |       ||     1
  Eat: Chunk             |     3 |    11 |     8 ||    22
       Fruit             |     1 |       |       ||     1
       Beef jerky        |       |     1 |     1 ||     2
